 Dungeon Crawl Stone Soup version 0.15-a0-1646-g393eda0 (webtiles) character file.

27 Nikss the Firebug (level 2, 0/19 HPs)
             Began as a Demonspawn Fire Elementalist on June 22, 2014.
             Was an Initiate of Vehumet.
             Slain by an adder (2 damage)
             ... on Level 2 of the Dungeon.
             The game lasted 00:14:43 (1916 turns).

Nikss the Firebug (Demonspawn Fire Elementalist)    Turns: 1916, Time: 00:14:44

HP   0/19        AC  3     Str  8      XL: 2   Next: 93%
MP   0/5         EV 12     Int 16      God: Vehumet [......]
Gold 69          SH  0     Dex 13      Spells:  1 memorised,  4 levels left

rFire  + . .     SeeInvis .     f - +0 hand axe
rCold  . . .     Clarity  .     a - +0 robe
rNeg   . . .     rCorr    .     (no shield)
rPois  .         rRot     .     r - +0 helmet
rElec  .         Spirit   +     (no cloak)
SustAb .         Warding  .     (no gloves)
rMut   .         Stasis   .     (no boots)
Gourm  .                        (no amulet)
MR     .....                    (no ring)
                                n - ring of protection from fire

@: lethally poisoned, not resistant to hostile enchantments, unstealthy
A: magic shield
a: Renounce Religion


You were on level 2 of the Dungeon.
You worshipped Vehumet.
Vehumet was noncommittal.
You were not hungry.

You visited 1 branch of the dungeon, and saw 2 of its levels.

You collected 69 gold pieces.

Inventory:

Hand weapons
 f - a +0 hand axe (weapon)
 h - a +0 sling
 i - a +0 club
 k - a +0 club
 m - a +0 dagger
 o - a +0 whip
 p - a +0 club
 q - a +0 whip
 s - a +0 short sword
 t - a +0 dagger
Missiles
 g - 26 arrows
 j - 42 stones (quivered)
 u - 3 needles of frenzy
 v - 20 sling bullets
Armour
 a - a +0 robe (worn)
 e - a +0 robe
 r - a +0 helmet (worn)
Magical devices
 l - a wand of frost (17)
Comestibles
 c - a bread ration
Jewellery
 d - an uncursed ring of positive energy
 n - a ring of protection from fire (left hand)
Books
 b - a book of Flames

   Spells                             Type                      Level
   *Flame Tongue                      Conjuration/Fire             1
   Throw Flame                        Conjuration/Fire             2
   Conjure Flame                      Conjuration/Fire             3
   Inner Flame                        Hexes/Fire                   3
   Sticky Flame                       Conjuration/Fire             4
   Fireball                           Conjuration/Fire             5


   Skills:
 + Level 0.2 Fighting
 + Level 1.8 Dodging
 + Level 2.0 Stealth
 + Level 2.3 Spellcasting
 + Level 1.5 Conjurations
 + Level 3.1 Fire Magic


You had 4 spell levels left.
You knew the following spells:

 Your Spells              Type           Power        Failure   Level  Hunger
a - Flame Tongue          Conj/Fire      #....        10%         1    #......


Dungeon Overview and Level Annotations

Branches:
Dungeon (2/15)

Altars:
Vehumet


Innate Abilities, Weirdness & Mutations

When hurt, damage is shared between your health and your magic reserves.


Message History

The adder poisons you! The bat closely misses you.
Unknown command.
Casting: Flame Tongue
Confirm with . or Enter, or press ? or * to list all spells.
Aiming: Flame Tongue
Press: ? - help, Shift-Dir - straight line, f/p - adder
Aim: an adder The flame tongue hits the adder.
The adder is lightly wounded.
* * * LOW HITPOINT WARNING * * *
You feel sick. The bat hits you but does no damage. The bat closely misses you.
The adder bites you.
* * * LOW HITPOINT WARNING * * *
You are more poisoned.
The adder poisons you! The kobold hits you but does no damage.
* * * LOW HITPOINT WARNING * * *
You feel sick. The bat hits you but does no damage.
The adder closely misses you. The kobold closely misses you.
The adder bites you.
You die...

# #######.#.##
###+###....b.....#
........@K.#
)......bKS.#
.......r..#
..........#
.......$..#
.........#
........+ ..)....#
....#


You could see an adder, 2 bats, 2 kobolds and a rat.

Vanquished Creatures
  A giant cockroach (D:1)
  4 hobgoblins (D:1)
  A jackal (D:2)
  A ball python (D:1)
  4 bats (D:1)
  3 goblins (D:1)
  6 kobolds
  7 rats
27 creatures vanquished.

Notes
Turn   | Place    | Note
--------------------------------------------------------------
     0 | D:1      | Nikss, the Demonspawn Fire Elementalist, began the quest for the Orb.
     0 | D:1      | Reached XP level 1. HP: 13/13 MP: 3/3
   608 | D:1      | Reached skill level 3 in Fire Magic
   663 | D:1      | Gained mutation: When hurt, damage is shared between your health and your magic reserves. [demonic ancestry]
   663 | D:1      | Reached XP level 2. HP: 17/19 MP: 0/4
  1759 | D:2      | Found a radiant altar of Vehumet.
  1825 | D:2      | Became a worshipper of Vehumet
  1916 | D:2      | Slain by an adder

Action                   || total
-------------------------++-------
Melee: Hand axe          ||    30
Throw: Stone             ||     7
 Cast: Flame Tongue      ||    46
  Use: Scroll            ||     4
       Potion            ||     1
